 Dungeon Crawl Stone Soup version 0.31-a0-222-gefeffbb62a (webtiles) character file.

Game seed: 4704731099900606994

27463 coffeetime the Protected (level 13, -5/118 HPs)
             Began as an Armataur Fighter on July 6, 2023.
             Was an Initiate of Gozag.
             Slain by a sun demon (27 damage)
             ... on level 10 of the Dungeon.
             The game lasted 01:22:01 (20309 turns).

coffeetime the Protected (Armataur Fighter)        Turns: 20309, Time: 01:22:02

Health: -5/118     AC: 16    Str: 25    XL:     13   Next: 4%
Magic:  13/13      EV:  6    Int: 10    God:    Gozag
Gold:   625        SH: 18    Dex: 16    Spells: 12/12 levels left

rFire   x . .        O - +7 spear "Biexahue" {heavy, Fly rF- rN+}
rCold   . . .        X - +0 kite shield
rNeg    + + .        z - +0 chain mail {rN+}
rPois   .            j - +0 helmet
rElec   .            l - +0 cloak
rCorr   .            s - +0 pair of gloves
SInv    .            (no barding)
Will    +....        o - amulet of reflection Stlth
                     H - +6 ring of dexterity
HPRegen 0.39/turn    L - ring of willpower
MPRegen 0.13/turn

%: reflection, roll
@: gold aura, flying
A: large, rugged brown scales 3, deformed body, armoured tail, roll, long
tongue, awkward tongue
a: Renounce Religion, Potion Petition, Call Merchant, Bribe Branch


You were on level 10 of the Dungeon.
You worshipped Gozag.
Gozag was pleased with you.
You visited 4 branches of the dungeon, and saw 16 of its levels.
You also visited: Ossuary.

You collected 4512 gold pieces.
You spent 429 gold pieces at shops.
You paid 3458 gold pieces to Gozag.

Inventory:

Hand Weapons
 i - a +3 scimitar of flaming
 w - the +8 dagger of Extremism {freeze, rElec rC- Int-4 Stlth+}
   (You found it on level 9 of the Dungeon)

   Int:       It affects your intelligence (-4).
   rC:        It makes you vulnerable to cold.
   rElec:     It insulates you from electricity.
   Stlth:     It makes you more stealthy.
 O - the +7 spear "Biexahue" (weapon) {heavy, Fly rF- rN+}
   (You found it on level 6 of the Dungeon)

   rF:        It makes you vulnerable to fire.
   rN:        It protects you from negative energy.
   Fly:       It grants you flight.
Missiles
 t - 7 poisoned darts
 x - 8 boomerangs
 E - 3 silver boomerangs
 F - 4 javelins
 T - a curare-tipped dart
 Y - 2 boomerangs of dispersal
Armour
 f - a +2 ring mail of fire resistance
 j - a +0 helmet (worn)
 l - a +0 cloak (worn)
 s - a +0 pair of gloves (worn)
 z - a +0 chain mail of positive energy (worn)
 X - a +0 kite shield (worn)
Jewellery
 b - a +5 ring of evasion
 o - an amulet of reflection (around neck)
 r - a ring of flight
 C - a ring of see invisible
 H - a +6 ring of dexterity (left hand)
 L - a ring of willpower (right hand)
 N - a +6 ring of dexterity
 S - a ring of ice
Wands
 u - a wand of flame (15)
 K - a wand of digging (3)
 M - a wand of paralysis (12) (quivered)
 P - a wand of mindburst (3)
Scrolls
 c - 3 scrolls of fog
 g - a scroll of enchant weapon {unknown}
 k - a scroll of revelation
 q - 5 scrolls of poison
 v - 3 scrolls of immolation
 y - a scroll of brand weapon
 A - 2 scrolls of teleportation
 G - a scroll of noise {unknown}
 R - a scroll of butterflies {unknown}
 V - 3 scrolls of enchant armour {unknown}
Potions
 a - 2 potions of mutation
 d - a potion of might
 e - a potion of curing
 h - 2 potions of resistance
 m - 4 potions of cancellation
 p - 4 potions of brilliance
 B - 2 potions of enlightenment
 I - a potion of berserk rage
 J - a potion of lignification
 Q - 6 potions of attraction {unknown}
 U - a potion of heal wounds {unknown}
Miscellaneous
 D - a phial of floods


   Skills:
 + Level 9.1 Fighting
 - Level 4.7 Maces & Flails
 - Level 2.3 Polearms
 * Level 3.8 Throwing
 + Level 13.7 Armour
 - Level 0.5 Dodging
 - Level 5.0 Stealth
 - Level 13.3 Shields
 + Level 8.8 Evocations


You had 12 spell levels left.
You didn't know any spells.
Your spell library contained the following spells:

 Spells                   Type           Power      Damage    Failure   Level
 Summon Small Mammal      Summ           0%         N/A       90%         1
 Blink                    Tloc           0%         N/A       97%         2
 Cigotuvi's Dreadful Rot  Necr/Pois/Air  0%         N/A       97%         2
 Ensorcelled Hibernation  Hex/Ice        0%         N/A       97%         2
 Lesser Beckoning         Tloc           0%         N/A       97%         2
 Momentum Strike          Conj/Tloc      0%         3d8       97%         2
 Call Canine Familiar     Summ           0%         N/A       99%         3
 Ozocubu's Armour         Ice            0%         N/A       99%         3
 Portal Projectile        Hex/Tloc       0%         N/A       99%         3
 Spider Form              Tmut/Pois      0%         N/A       99%         3
 Summon Guardian Golem    Hex/Summ       0%         N/A       99%         3
 Anguish                  Hex/Necr       0%         N/A       100%        4
 Dispel Undead            Necr           0%         3d6       100%        4
 Leda's Liquefaction      Hex/Erth       0%         N/A       100%        4
 Summon Forest            Summ/Tloc      0%         N/A       100%        5
 Death Channel            Necr           0%         N/A       100%        6
 Eringya's Noxious Bog    Tmut/Pois      0%         N/A       100%        6
 Ozocubu's Refrigeration  Ice            0%         4d7       100%        7
 Summon Hydra             Summ           0%         N/A       100%        7


Dungeon Overview and Level Annotations

Branches:
Dungeon (11/15)            Temple (1/1) D:5            Lair (2/5) D:9
 Spider (0/4) Lair:2          Orc (2/2) D:9             Elf (0/3) Orc:2
Ossuary (visited)
  Swamp: Lair:2-3    Shoals: Lair:2-3

Altars:
Ashenzari
Cheibriados
Dithmenos
Elyvilon
Gozag
Hepliaklqana
Kikubaaqudgha
Makhleb
Nemelex Xobeh
Okawaru
Ru
Sif Muna
Trog
Uskayaw
Wu Jian
Xom
Yredelemnul
Zin
The Shining One

Shops:
D:3 (   D:4 !   D:7 =   Orc:2 *:(:?

Annotations:
D:3 1 runed translucent door, Crazy Yiuf
Lair:1 Nergalle


Innate Abilities, Weirdness & Mutations

You are completely covered in rugged brown scales. (AC +3, +7% HP)
Armour fits poorly on your strangely shaped body.
You have a long armoured tail.
You roll when moving toward enemies. (Rampage)
Your long tongue fully drains potion bottles. (2x potion effects)
Your tongue gives you trouble enunciating. (1.5x scroll delay)


Message History

There is a stone staircase leading up here.
The orc throws a boomerang.
You block the boomerang with an invisible shield... and reflect it back!
The boomerang hits the orc.
An orc comes into view. It is wielding a +1 dagger of speed.
The orc shouts!
The orc throws a boomerang.
You block the boomerang with an invisible shield... and reflect it back!
The boomerang hits the orc.
You kill the orc!
You block the sun demon's attack. You block the quasit's attack.
The quasit barely misses you. x2
The orc warrior is distracted by your dazzling golden aura.
You fly upwards.
There is a stone staircase leading down here.
You hit the sun demon but do no damage.
Your tail-slap misses the sun demon.
You block the sun demon's attack. The sun demon hits you!
You are engulfed in flames!!
The fire burns you terribly!
You barely miss the sun demon.
You tail-slap the sun demon, but do no damage.
You block the sun demon's attack.
The sun demon hits you but does no damage.
You puncture the sun demon!
The sun demon is lightly wounded.
The sun demon hits you!
You are engulfed in flames!!
The fire burns you terribly!
The sun demon hits you but does no damage.
You barely miss the sun demon.
The sun demon is lightly wounded.
You block the sun demon's attack.
The sun demon is distracted by your dazzling golden aura.
The sun demon shouts!
You puncture the sun demon!
The sun demon is no longer distracted by gold.
The sun demon is moderately wounded.
The sun demon hits you!!
* * * LOW HITPOINT WARNING * * *
You are engulfed in flames!!
The fire burns you terribly!
You die...
Your body crumbles into a pile of gold.

.#####.#########.##############..
.# #.# #[# #.......#.. ######.#
#.# #..#....... #......# ##.##
#..#.#..### #<###..# #...#
#..#....# #.# #..# #...#
#..##...# #.# #..## #...#
#..##...# #.###...#
#####...#####.......#
..##..#.###....3@.....#####.#####
..........................)..#...
..........P...........##.#.#.#.##
♣...♣♣♣P..♣♣♣P....#.#.##(......#
♣..P♣ ♣P.P♣ ♣.....#.#.####.#.###
♣...♣♣♣P..♣♣♣.....#.#......#.#
...PP.....P.......#.########.##
.....[..............# #...###
.............P......# #......


You could see a sun demon.

Vanquished Creatures
  Erica (D:9)
  8 orc high priests
  2 orc knights
  An elephant (D:9)
  Joseph (D:7)
  Maurice (D:9)
  4 cane toads
  Maggie (D:9)
  4 black mambas
  Psyche (D:10)
  4 komodo dragons
  A rime drake (Lair:1)
  A polar bear (Lair:2)
  5 trolls
  11 blink frogs
  Prince Ribbit (D:9)
  4 wyverns
  20 yaks
  Grum (Lair:1)
  A wraith (D:9)
  2 basilisks
  2 redbacks (Lair:2)
  A steam dragon (D:6)
  10 wargs
  An acid dragon (D:9)
  6 water moccasins
  Duvessa (D:7)
  3 black bears
  An ice beast (D:4)
  9 orc warriors
  A sky beast (D:5)
  3 ogres
  5 wolves (Lair:1)
  2 centaurs
  A phantom (D:6)
  2 kobold brigands
  7 bullfrogs
  A gnoll sergeant (D:9)
  6 scorpions
  9 wights
  Dowan (D:7)
  6 killer bees
  3 howler monkeys (D:10)
  A centaur zombie (Ossuary)
  33 orc priests
  3 jellies
  A human zombie (Ossuary)
  A gnoll bouda (D:7)
  5 hounds
  2 iguanas
  7 hell rats (Lair:2)
  16 orc wizards
  Terence (D:3)
  2 mummies (Ossuary)
  17 gnolls
  11 adders
  2 worms
  4 dart slugs
  90 orcs
  3 bats
  5 endoplasms
  4 giant cockroaches
  2 gnoll zombies (Ossuary)
  6 goblins
  8 hobgoblins
  6 jackals
  11 kobolds
  5 quokkas
  7 ball pythons
  14 frilled lizards
  3 goblin zombies (Ossuary)
  4 hobgoblin zombies (Ossuary)
  3 orc zombies (Ossuary)
  4 rats
437 creatures vanquished.

Vanquished Creatures (others)
  2 orcs (D:6)
2 creatures vanquished.

Grand Total: 439 creatures vanquished

Notes
Turn   | Place    | Note
-------+----------+-------------------------------------------
     0 | D:1      | coffeetime the Armataur Fighter began the quest for the
                  | Orb.
     0 | D:1      | Reached XP level 1. HP: 19/19 MP: 1/1
   173 | D:1      | Reached XP level 2. HP: 24/26 MP: 2/2
   655 | D:1      | Reached XP level 3. HP: 27/33 MP: 3/3
  1213 | D:2      | Reached XP level 4. HP: 37/40 MP: 4/4
  2427 | D:3      | Found a glowing silver altar of Zin.
  2497 | D:3      | Noticed Terence
  2506 | D:3      | Killed Terence
  2507 | D:3      | Reached XP level 5. HP: 48/48 MP: 5/5
  2591 | D:3      | Found an opulent altar of Gozag.
  2597 | D:3      | Became a worshipper of Gozag Ym Sagoz the Greedy
  2653 | D:3      | Found a runed translucent door.
  2654 | D:3      | Noticed Crazy Yiuf
  2710 | D:3      | Found Joifras's Antique Weapon Emporium.
  2936 | D:4      | Reached skill level 5 in Armour
  2943 | D:4      | Found a sand-covered staircase.
  2948 | Ossuary  | Entered an ossuary
  2965 | Ossuary  | Reached XP level 6. HP: 46/54 MP: 6/6
  3462 | D:4      | Found a glowing golden altar of the Shining One.
  3734 | D:4      | Reached skill level 1 in Stealth
  3744 | D:4      | Reached XP level 7. HP: 37/62 MP: 7/7
  3877 | D:4      | Found an ancient bone altar of Kikubaaqudgha.
  4083 | D:4      | Found Digasoafo's Distillery.
  4119 | D:4      | Bought a potion of invisibility for 96 gold pieces
  4119 | D:4      | Bought a potion of degeneration for 12 gold pieces
  4119 | D:4      | Bought a potion of lignification for 36 gold pieces
  4257 | D:5      | Entered Level 5 of the Dungeon
  4427 | D:5      | Reached skill level 5 in Shields
  4666 | D:5      | Reached skill level 1 in Throwing
  4757 | D:5      | Reached XP level 8. HP: 64/71 MP: 8/8
  4831 | D:5      | Found a staircase to the Ecumenical Temple.
  4854 | Temple   | Entered the Ecumenical Temple
  5432 | D:6      | Reached skill level 1 in Evocations
  5509 | D:6      | Identified the +7 spear "Biexahue" {heavy, Fly rF- rN+}
  5668 | D:7      | Noticed Duvessa
  5714 | D:7      | Found a flagged portal.
  5714 | D:7      | You are sucked into a shaft and drop 2 floors!
  5720 | D:10     | Entered Level 10 of the Dungeon
  5813 | D:9      | Noticed Erica
  6070 | D:7      | Found a hazy altar of Hepliaklqana.
  6073 | D:7      | Found a burning altar of Makhleb.
  6083 | D:7      | Reached skill level 1 in Polearms
  6166 | D:7      | Noticed Dowan
  6305 | D:6      | Reached skill level 5 in Fighting
  6305 | D:6      | Reached XP level 9. HP: 42/79 MP: 9/9
  6956 | D:7      | Noticed Joseph
  7595 | D:7      | Killed Duvessa
  7598 | D:7      | Killed Dowan
  7736 | D:7      | Killed Joseph
  8002 | D:7      | Found Roduf's Jewellery Emporium.
  9045 | D:9      | Noticed an elephant
  9052 | D:9      | Killed an elephant
  9053 | D:9      | Reached XP level 10. HP: 87/88 MP: 10/10
  9061 | D:9      | Found a staircase to the Lair.
  9159 | D:9      | Killed Erica
  9160 | D:9      | Reached skill level 10 in Armour
  9160 | D:9      | Reached skill level 5 in Evocations
  9398 | D:9      | Identified the +8 dagger of Extremism {freeze, rElec rC-
                  | Int-4 Stlth+}
  9403 | D:9      | Noticed Maurice
  9424 | D:9      | Killed Maurice
  9444 | D:9      | Noticed Maggie
  9748 | D:9      | Noticed Prince Ribbit
  9782 | D:9      | Killed Prince Ribbit
 10129 | D:9      | Killed Maggie
 10238 | D:9      | Found a staircase to the Orcish Mines.
 10721 | D:10     | Noticed Psyche
 10735 | D:10     | Killed Psyche
 10863 | Orc:1    | Entered Level 1 of the Orcish Mines
 10863 | Orc:1    | Noticed an orc knight
 10898 | Lair:1   | Entered Level 1 of the Lair of Beasts
 10928 | Lair:1   | Noticed a cane toad
 10943 | Lair:1   | Killed a cane toad
 10944 | Lair:1   | Reached skill level 10 in Shields
 11132 | Lair:1   | Noticed Grum
 11158 | Lair:1   | Killed Grum
 11164 | Lair:1   | Reached XP level 11. HP: 97/97 MP: 11/11
 11316 | Lair:1   | Noticed Nergalle
 12308 | Lair:1   | Reached skill level 5 in Stealth
 12467 | Lair:1   | Noticed a spectral orc warlord
 13806 | Lair:2   | Reached XP level 12. HP: 89/107 MP: 12/12
 14439 | Lair:2   | Found a hole to the Spider Nest.
 16016 | Orc:2    | Entered Level 2 of the Orcish Mines
 16016 | Orc:2    | Found a staircase to the Elven Halls.
 16025 | Orc:2    | Noticed an orc high priest
 16057 | Orc:2    | Found Marid's Magic Scroll Shoppe.
 16478 | Orc:2    | Noticed an orc high priest
 16775 | Orc:1    | Killed an orc high priest
 16880 | Orc:2    | Bought a scroll of identify for 24 gold pieces
 16880 | Orc:2    | Bought a scroll of identify for 24 gold pieces
 16880 | Orc:2    | Bought a scroll of identify for 24 gold pieces
 16883 | Orc:2    | Bought a scroll of identify for 24 gold pieces
 16883 | Orc:2    | Bought a scroll of identify for 24 gold pieces
 16924 | Orc:2    | Noticed an orc high priest
 16934 | Orc:2    | Noticed an orc high priest
 16936 | Orc:2    | Killed an orc high priest
 16937 | Orc:2    | Noticed an orc high priest
 16944 | Orc:2    | Killed an orc high priest
 17415 | Orc:1    | Killed an orc high priest
 17625 | Orc:2    | Found Maseol's Antique Weapon Shop.
 17625 | Orc:2    | Found Tyopon's Book Shoppe.
 17731 | Orc:2    | Killed an orc high priest
 18061 | Orc:2    | Noticed an orc high priest
 18189 | Orc:2    | Noticed an orc high priest
 18195 | Orc:2    | Killed an orc high priest
 18932 | Orc:2    | Killed an orc high priest
 18991 | Orc:2    | Noticed an orc high priest
 19001 | Orc:2    | Killed an orc high priest
 19321 | Orc:2    | Found Omarrep's Book Shoppe.
 19321 | Orc:2    | Found Niuc's General Store.
 19336 | Orc:2    | Bought a potion of might for 60 gold pieces
 19336 | Orc:2    | Bought a potion of curing for 45 gold pieces
 19336 | Orc:2    | Bought a scroll of fog for 60 gold pieces
 19437 | Orc:2    | Reached XP level 13. HP: 118/118 MP: 13/13
 20309 | D:10     | Slain by a sun demon

Illustrated notes

Levels and vault maps discovered:
D:1:      co_arrival_random_square_maze, layout_basic, minmay_unequal
D:2:      minmay_chambers_of_twos, layout_loops_corners
D:3:      layout_rooms, nicolae_gozag_cash_rules_everything_around_me,
          overflow_temple_1_default, serial_shops, nicolae_shop_back_alley_shop,
          serial_park_tiny_1, minmay_lizard_king, uniq_crazy_yiuf_cottage,
          uniq_terence
D:4:      layout_basic, nicolae_tso_swordbearing_angel, kennysheep_little_box,
          enter_ossuary_2, nicolae_wooded_promenade
D:5:      layout_rooms, nicolae_overflow_hidden_temple,
          minmay_temple_entry_slanted
D:6:      layout_rooms, dk_rats_in_the_wall
D:7:      layout_cave_pools, grunt_temple_overflow_open, enter_bailey_2,
          serial_shops, shop, amcnicky_mini_rare_corridor_liquid, uniq_duvessa,
          uniq_joseph
D:8:      layout_cave_pools
D:9:      layout_stronghold, david_lair_generic, david_orc_2,
          minmay_misc_feat_encased, chequers_serial_rivers_room_b,
          nicolae_eternal_life, uniq_maurice, uniq_maggie, uniq_prince_ribbit1,
          uniq_erica
D:10:     layout_loops_cross, kennysheep_boxes, uniq_psyche
D:11:     layout_long_grid, nzn_ghost_randoct, serial_demonic, serial_demonic_e,
          serial_demonic_e, serial_demonic_g, serial_demonic_f,
          serial_demonic_g, serial_demonic_a, minmay_fractal_squares_gapless_7
Temple:   hellmonk_temple_forest_ring
Lair:1:   wad_woods_structure_01, layout_chaotic_city, st_stairs_12, uniq_grum,
          uniq_nergalle
Lair:2:   layout_roguey, nicolae_spider_entry_tight_spaces, grunt_megastairs_3
Orc:1:    layout_caves, david_defended_altar_orc
Orc:2:    st_orc_town, layout_caves, basic_altar, serial_shops,
          nicolae_shop_stone

Skill      XL: |  1  2  3  4  5  6  7  8  9 10 11 12 |
---------------+-------------------------------------+-----
Armour         | 4 5 6 8 9 11 12 13 | 13.7
Fighting       | 3 4 5 6 7 9 |  9.1
Maces & Flails | 2 3 4 |  4.7
Shields        | 4 5 6 8 10 12 13 | 13.3
Stealth        | 1 2 4 5 |  5.0
Throwing       | 1 3 |  3.8
Evocations     | 3 4 6 7 8 |  8.8
Polearms       | 2 |  2.3
Dodging        | |  0.5

Action                     |  1- 3 |  4- 6 |  7- 9 | 10-12 | 13-15 || total
---------------------------+-------+-------+-------+-------+-------++-------
  Melee: Flail             |    94 |   178 |       |       |       ||   272
         Tailslap          |     9 |    21 |    68 |   133 |     3 ||   234
         Short sword       |       |    30 |   180 |       |       ||   210
         Spear             |       |       |   191 |   819 |    32 ||  1042
  Throw: Dart              |       |     5 |     1 |     1 |       ||     7
 Invoke: Potion Petition   |       |       |       |     6 |       ||     6
  Evoke: Wand              |       |       |    10 |    23 |       ||    33
    Use: Scroll            |       |     4 |     3 |    20 |       ||    27
         Potion            |       |     1 |     2 |    11 |       ||    14
   Stab: Distracted        |       |     2 |     1 |     9 |       ||    12
         Invisible         |       |       |     3 |     5 |       ||     8
         Paralysed         |       |       |       |    27 |       ||    27
 Armour: Scale mail        |    53 |   113 |     3 |       |       ||   169
         Chain mail        |       |       |   211 |   259 |    16 ||   486
         Skin              |       |       |       |    17 |       ||    17
  Dodge: Dodged            |    38 |    77 |   108 |   134 |     9 ||   366
  Block: Buckler           |    20 |    42 |   252 |       |       ||   314
         Reflection        |       |       |    15 |    24 |     7 ||    46
         Kite shield       |       |       |    46 |   838 |    38 ||   922

Table legend: (Time is in decaauts)
 A = Elapsed time spent in this place.
 B = Non-inter-level travel time spent in this place.
 C = Inter-level travel time spent in this place.
 D = Time resting spent in this place.
 E = Time spent auto-exploring this place.
 F = Levels seen in this place.
 G = Mean time per level.
                   A        B        C        D        E       F      G
               +--------+--------+--------+--------+--------+-----+--------+
         Total |  21019 |  18537 |   2482 |   5148 |   7304 |  17 | 1236.4 |
       Dungeon |  11866 |  10487 |   1379 |   1605 |   5673 |  11 | 1078.7 |
        Temple |    152 |    139 |     13 |      0 |    129 |   1 |  152.0 |
          Lair |   4218 |   3580 |    638 |   1827 |    245 |   2 | 2109.0 |
  Orcish Mines |   4591 |   4139 |    452 |   1715 |   1170 |   2 | 2295.5 |
       Ossuary |    190 |    190 |      0 |      0 |     87 |   1 |  190.0 |
               +--------+--------+--------+--------+--------+-----+--------+

Top non-repeatable levels by time:
   Orc:1: 2992 daAuts
     D:9: 2371 daAuts
  Lair:1: 2138 daAuts
  Lair:2: 2079 daAuts
     D:6: 1630 daAuts
   Orc:2: 1599 daAuts
     D:4: 1454 daAuts
     D:2: 1153 daAuts
     D:7: 1096 daAuts
     D:1: 1035 daAuts
     D:5: 918 daAuts
    D:10: 852 daAuts
     D:3: 678 daAuts
     D:8: 670 daAuts
 Ossuary: 190 daAuts
